TOP OF THE 1ST |
---|
Mile High Broncos batting - Pitching for Calgary Cowboys : RHP Esteban Castro | Pitching: RHP Esteban Castro | | Batting: RHB Reynaldo Slomp | 0-0: Called Strike 0-1: Ground out 6-3 (Groundball, 6) | Batting: LHB Jim Knight | 0-0: Ball 1-0: Called Strike 1-1: DOUBLE (Groundball, 5L) | Batting: LHB Tony Báez | 0-0: Ball 1-0: Foul Ball, location: 2F 1-1: Ball 2-1: Swinging Strike 2-2: Ground out 5-3 (Groundball, 56) | Batting: RHB António Martínez | 0-0: Ball 1-0: Foul Ball, location: 2F 1-1: Ground out 3-1 (Groundball, 34S) | Top of the 1st over - 0 runs, 1 hit, 0 errors, 1 left on base; Mile High 0 - Calgary 0 | BOTTOM OF THE 1ST |
---|
Calgary Cowboys batting - Pitching for Mile High Broncos : RHP Hokusai Nakashima | Pitching: RHP Hokusai Nakashima | | Batting: RHB Travis Colbert | 0-0: Called Strike 0-1: Swinging Strike 0-2: Ball 1-2: Strikes out swinging | Batting: RHB César Rodríguez | 0-0: Swinging Strike 0-1: Called Strike 0-2: Ball 1-2: Fly out, F4 (Popup, 4S) | Batting: RHB Tom Rowe | 0-0: Ball 1-0: SOLO HOME RUN (Flyball, 7LD), Distance : 386 ft | Batting: LHB Fred Abrams | 0-0: SOLO HOME RUN (Flyball, 9LD), Distance : 345 ft | Batting: RHB Paul Swift | 0-0: Foul Ball, location: 2F 0-1: Ball 1-1: Called Strike 1-2: Ball 2-2: Ground out 6-3 (Groundball, 6) | Bottom of the 1st over - 2 runs, 2 hits, 0 errors, 0 left on base; Mile High 0 - Calgary 2 | TOP OF THE 2ND |
---|
Mile High Broncos batting - Pitching for Calgary Cowboys : RHP Esteban Castro | Batting: SHB Michael Field | 0-0: Swinging Strike 0-1: Ball 1-1: Foul Ball, location: 2F 1-2: Strikes out swinging | Batting: RHB Rodney González | 0-0: Foul Ball, location: 2F 0-1: SINGLE (Line Drive, 78M) | Batting: SHB Tom Stevens | 0-0: Called Strike Rodney González steals 2nd base 0-1: Ball 1-1: Ball 2-1: Ground out 4-3 (Groundball, 4) Rodney González to third | Batting: LHB Jesús González | 0-0: Called Strike 0-1: Called Strike 0-2: Foul Ball, location: 2F 0-2: Ball 1-2: Ball 2-2: Foul Ball, location: 2F 2-2: Foul Ball, location: 2F 2-2: Ball 3-2: Foul Ball, location: 2F 3-2: DOUBLE (Line Drive, 8LXD) Rodney González scores | Batting: SHB Paco Martínez | 0-0: Called Strike 0-1: Ball 1-1: Called Strike 1-2: SINGLE (Groundball, 34D) Jesús González to third Runner from 3rd tries for Home, SAFE, no throw | Batting: RHB Reynaldo Slomp | 0-0: Ball 1-0: Ground out 4-3 (Groundball, 4) | Top of the 2nd over - 2 runs, 3 hits, 0 errors, 1 left on base; Mile High 2 - Calgary 2 | BOTTOM OF THE 2ND |
---|
Calgary Cowboys batting - Pitching for Mile High Broncos : RHP Hokusai Nakashima | Batting: LHB Russell Peck | 0-0: Ball 1-0: Ball 2-0: DOUBLE (Line Drive, 89D) | Batting: LHB Miguel Pérez | 0-0: Swinging Strike 0-1: Ball 1-1: Fly out, F9 (Line Drive, 9D) Runner from 2nd tags up, SAFE at 3rd, no throw | Batting: RHB Jorge Balencia | 0-0: SINGLE (Line Drive, 34) Russell Peck scores | Batting: RHB Mario Sánchez | 0-0: Called Strike 0-1: Ball 1-1: Grounds into double play, 6-4-3 (Groundball, 6) | Bottom of the 2nd over - 1 run, 2 hits, 0 errors, 0 left on base; Mile High 2 - Calgary 3 | TOP OF THE 3RD |
---|
Mile High Broncos batting - Pitching for Calgary Cowboys : RHP Esteban Castro | Batting: LHB Jim Knight | 0-0: Foul Ball, location: 2F 0-1: Ball 1-1: Fly out, F9 (Flyball, 9) | Batting: LHB Tony Báez | 0-0: Foul Ball, location: 2F 0-1: Called Strike 0-2: Strikes out swinging | Batting: RHB António Martínez | 0-0: Called Strike 0-1: Ball 1-1: Ball 2-1: Swinging Strike 2-2: DOUBLE (Groundball, 3L) | Batting: SHB Michael Field | 0-0: DOUBLE (Flyball, 89D) António Martínez scores | Batting: RHB Rodney González | 0-0: Ball 1-0: Swinging Strike 1-1: Called Strike 1-2: Strikes out swinging | Top of the 3rd over - 1 run, 2 hits, 0 errors, 1 left on base; Mile High 3 - Calgary 3 | BOTTOM OF THE 3RD |
---|
Calgary Cowboys batting - Pitching for Mile High Broncos : RHP Hokusai Nakashima | Batting: RHB Travis Colbert | 0-0: SINGLE (Groundball, 6MD) | Batting: RHB César Rodríguez | 0-0: Ball 1-0: Fly out, F8 (Flyball, 8RXD) | Batting: RHB Tom Rowe | 0-0: Ball 1-0: Called Strike Travis Colbert steals 2nd base 1-1: Fly out, F7 (Flyball, 7S) | Batting: LHB Fred Abrams | 0-0: Ball 1-0: Ball 2-0: Called Strike 2-1: Fly out, F7 (Flyball, 78M) | Bottom of the 3rd over - 0 runs, 1 hit, 0 errors, 1 left on base; Mile High 3 - Calgary 3 | TOP OF THE 4TH |
---|
Mile High Broncos batting - Pitching for Calgary Cowboys : RHP Esteban Castro | Batting: SHB Tom Stevens | 0-0: Called Strike 0-1: Ground out 5-3 (Groundball, 56D) | Batting: LHB Jesús González | 0-0: Ball 1-0: Ball 2-0: Called Strike 2-1: Foul Ball, location: 2F 2-2: Fly out, F3 (Line Drive, 3) | Batting: SHB Paco Martínez | 0-0: Foul Ball, location: 2F 0-1: Ball 1-1: Foul Ball, location: 2F 1-2: Ball 2-2: Strikes out swinging | Top of the 4th over - 0 runs, 0 hits, 0 errors, 0 left on base; Mile High 3 - Calgary 3 | BOTTOM OF THE 4TH |
---|
Calgary Cowboys batting - Pitching for Mile High Broncos : RHP Hokusai Nakashima | Batting: RHB Paul Swift | 0-0: Ball 1-0: Called Strike 1-1: Ball 2-1: Ball 3-1: Base on Balls | Batting: LHB Russell Peck | 0-0: SINGLE (Groundball, 2L) (infield hit) Paul Swift to second | Batting: LHB Miguel Pérez | 0-0: Ball 1-0: Fly out, F8 (Flyball, 8RS) | Batting: RHB Jorge Balencia | 0-0: Foul Ball, location: 2F 0-1: Ball 1-1: Foul Ball, location: 2F 1-2: Grounds into double play, 6-4-3 (Groundball, 6) | Bottom of the 4th over - 0 runs, 1 hit, 0 errors, 1 left on base; Mile High 3 - Calgary 3 | TOP OF THE 5TH |
---|
Mile High Broncos batting - Pitching for Calgary Cowboys : RHP Esteban Castro | Batting: RHB Reynaldo Slomp | 0-0: Ball 1-0: SINGLE (Groundball, 6MD) | Batting: LHB Jim Knight | 0-0: SINGLE (Groundball, 4MD) Reynaldo Slomp to second | Batting: LHB Tony Báez | 0-0: Ball 1-0: Ball 2-0: SINGLE (Groundball, 6M) (infield hit) Reynaldo Slomp to third Jim Knight to second | Batting: RHB António Martínez | 0-0: Ball 1-0: Called Strike 1-1: Foul Ball, location: 2F 1-2: Strikes out swinging | Batting: SHB Michael Field | 0-0: Fly out, F1 (Line Drive, 13) | Batting: RHB Rodney González | 0-0: Ball 1-0: Ball 2-0: Called Strike 2-1: Foul Ball, location: 2F 2-2: Reached on error, E1 (Groundball, 15) Reynaldo Slomp scores Jim Knight scores Tony Báez to third | Batting: SHB Tom Stevens | 0-0: Ball 1-0: Ball 2-0: Ball 3-0: Called Strike 3-1: Fly out, F7 (Flyball, 7LDF) | Top of the 5th over - 2 runs, 3 hits, 1 error, 2 left on base; Mile High 5 - Calgary 3 | BOTTOM OF THE 5TH |
---|
Calgary Cowboys batting - Pitching for Mile High Broncos : RHP Hokusai Nakashima | Batting: RHB Mario Sánchez | 0-0: Called Strike 0-1: Ground out 6-3 (Groundball, 6) | Batting: RHB Travis Colbert | 0-0: Swinging Strike 0-1: Swinging Strike 0-2: Ball 1-2: Foul Ball, location: 2F 1-2: Foul Ball, location: 2F 1-2: Strikes out swinging | Batting: RHB César Rodríguez | 0-0: Ball 1-0: Swinging Strike 1-1: Ball 2-1: Ball 3-1: Base on Balls | Batting: RHB Tom Rowe | 0-0: Ball 1-0: Swinging Strike 1-1: Ball 2-1: Fly out, F3 (Popup, 3SF) | Bottom of the 5th over - 0 runs, 0 hits, 0 errors, 1 left on base; Mile High 5 - Calgary 3 | TOP OF THE 6TH |
---|
Mile High Broncos batting - Pitching for Calgary Cowboys : RHP Esteban Castro | Batting: LHB Jesús González | 0-0: Ball 1-0: Ball 2-0: Foul Ball, location: 2F 2-1: Foul Ball, location: 2F 2-2: Foul Ball, location: 2F 2-2: Fly out, F8 (Flyball, 8LM) | Batting: SHB Paco Martínez | 0-0: Foul Ball, location: 2F 0-1: Swinging Strike 0-2: Ball 1-2: SINGLE (Groundball, 23) (infield hit) | Pitching: RHP José Ramos | | Batting: RHB Reynaldo Slomp | 0-0: Called Strike Paco Martínez steals 2nd base 0-1: Foul Ball, location: 2F 0-2: Foul Ball, location: 2F 0-2: Ball 1-2: Ball Wild Pitch! Paco Martínez to third 2-2: Foul Ball, location: 2F 2-2: Strikes out looking | Batting: LHB Jim Knight | 0-0: Foul Ball, location: 2F 0-1: Ball 1-1: Foul Ball, location: 2F 1-2: Strikes out swinging | Top of the 6th over - 0 runs, 1 hit, 0 errors, 1 left on base; Mile High 5 - Calgary 3 | BOTTOM OF THE 6TH |
---|
Calgary Cowboys batting - Pitching for Mile High Broncos : RHP Hokusai Nakashima | Batting: LHB Fred Abrams | 0-0: Ball 1-0: Ball 2-0: Called Strike 2-1: SOLO HOME RUN (Flyball, 9LD), Distance : 338 ft | Batting: RHB Paul Swift | 0-0: Fly out, F8 (Flyball, 8LD) | Batting: LHB Russell Peck | 0-0: Swinging Strike 0-1: Swinging Strike 0-2: Strikes out swinging | Batting: LHB Miguel Pérez | 0-0: Ball 1-0: Ball 2-0: Foul Ball, location: 2F 2-1: DOUBLE (Line Drive, 78XD) | Pitching: RHP José García | | Batting: RHB Jorge Balencia | 0-0: SINGLE (Line Drive, 6M) Miguel Pérez to third Runner from 3rd tries for Home, SAFE, no throw | Batting: RHB Mario Sánchez | 0-0: Ball 1-0: Called Strike 1-1: Fielders Choice at 2nd, 6-4 (Groundball, 6) | Bottom of the 6th over - 2 runs, 3 hits, 0 errors, 1 left on base; Mile High 5 - Calgary 5 | TOP OF THE 7TH |
---|
Mile High Broncos batting - Pitching for Calgary Cowboys : RHP José Ramos | Pitching: LHP Alfredo Durán | | Batting: LHB Tony Báez | 0-0: Ball 1-0: Called Strike 1-1: Called Strike 1-2: Ball 2-2: Foul Ball, location: 2F 2-2: Ground out 6-3 (Groundball, 6D) | Pitching: RHP Lorenzo Montáńez | | Batting: RHB António Martínez | 0-0: Ball 1-0: Fly out, F7 (Flyball, 7D) | Batting: SHB Michael Field | 0-0: Called Strike 0-1: Called Strike 0-2: Ball 1-2: Strikes out swinging | Top of the 7th over - 0 runs, 0 hits, 0 errors, 0 left on base; Mile High 5 - Calgary 5 | BOTTOM OF THE 7TH |
---|
Calgary Cowboys batting - Pitching for Mile High Broncos : RHP José García | Pinch Hitting: LHB Del Kennedy | 0-0: Called Strike 0-1: Fly out, F8 (Flyball, 8LXD) | Batting: RHB César Rodríguez | 0-0: Foul Ball, location: 2F 0-1: Swinging Strike 0-2: Foul Ball, location: 2F 0-2: Foul Ball, location: 2F 0-2: Ball 1-2: Ball 2-2: Strikes out looking | Batting: RHB Tom Rowe | 0-0: Ball 1-0: Foul Ball, location: 2F 1-1: Ground out 5-3 (Groundball, 56S) | Bottom of the 7th over - 0 runs, 0 hits, 0 errors, 0 left on base; Mile High 5 - Calgary 5 | TOP OF THE 8TH |
---|
Mile High Broncos batting - Pitching for Calgary Cowboys : RHP Lorenzo Montáńez | Now at 3B: Ryan Cates | | Batting: RHB Rodney González | 0-0: SINGLE (Flyball, 9LS) | Batting: SHB Tom Stevens | 0-0: Grounds into double play, 6-4-3 (Groundball, 6) | Batting: LHB Jesús González | 0-0: Swinging Strike 0-1: Ball 1-1: Ball 2-1: Foul Ball, location: 2F 2-2: Strikes out swinging | Top of the 8th over - 0 runs, 1 hit, 0 errors, 0 left on base; Mile High 5 - Calgary 5 | BOTTOM OF THE 8TH |
---|
Calgary Cowboys batting - Pitching for Mile High Broncos : RHP José García | Batting: LHB Fred Abrams | 0-0: Ball 1-0: Ball 2-0: Ball 3-0: Called Strike 3-1: Swinging Strike 3-2: Base on Balls | Batting: RHB Paul Swift | 0-0: Grounds into double play, 6-4-3 (Groundball, 6) | Batting: LHB Russell Peck | 0-0: Ground out 4-3 (Groundball, 4S) | Bottom of the 8th over - 0 runs, 0 hits, 0 errors, 0 left on base; Mile High 5 - Calgary 5 | TOP OF THE 9TH |
---|
Mile High Broncos batting - Pitching for Calgary Cowboys : RHP Lorenzo Montáńez | Batting: SHB Paco Martínez | 0-0: Ball 1-0: Foul Ball, location: 2F 1-1: Ball 2-1: Foul Ball, location: 2F 2-2: Ground out 6-3 (Groundball, 6S) | Batting: RHB Reynaldo Slomp | 0-0: Ground out 4-3 (Groundball, 4) | Batting: LHB Jim Knight | 0-0: Ball 1-0: Called Strike 1-1: Ball 2-1: Fly out, F9 (Flyball, 9S) | Top of the 9th over - 0 runs, 0 hits, 0 errors, 0 left on base; Mile High 5 - Calgary 5 | BOTTOM OF THE 9TH |
---|
Calgary Cowboys batting - Pitching for Mile High Broncos : RHP José García | Batting: LHB Miguel Pérez | 0-0: Ball 1-0: SINGLE (Line Drive, 56D) | Batting: RHB Jorge Balencia | 0-0: Called Strike 0-1: Ball Wild Pitch! Miguel Pérez to second 1-1: Foul Ball, location: 2F 1-2: Ground out 5-3 (Groundball, 56) | Pinch Hitting: LHB Freddy Herrera | 0-0: Intentional Walk | Batting: RHB Ryan Cates | 0-0: Fly out, F9 (Flyball, 9S) | Batting: RHB César Rodríguez | 0-0: Ground out 6-3 (Groundball, 6S) | Bottom of the 9th over - 0 runs, 1 hit, 0 errors, 2 left on base; Mile High 5 - Calgary 5 | TOP OF THE 10TH |
---|
Mile High Broncos batting - Pitching for Calgary Cowboys : RHP Lorenzo Montáńez | Now at 3B: Freddy Herrera | | Batting: LHB Tony Báez | 0-0: Ball 1-0: Called Strike 1-1: Fly out, F8 (Flyball, 89D) | Batting: RHB António Martínez | 0-0: Ball 1-0: Called Strike 1-1: Called Strike 1-2: Strikes out looking | Batting: SHB Michael Field | 0-0: Ball 1-0: Ball 2-0: Ball 3-0: Base on Balls | Pinch Runner at 1st Nick Simmons: | | Batting: RHB Rodney González | 0-0: Foul Ball, location: 2F 0-1: Ball 1-1: Ball 2-1: Ball Nick Simmons steals 2nd base 3-1: Base on Balls | Batting: SHB Tom Stevens | 0-0: Called Strike 0-1: Called Strike 0-2: Ball 1-2: Foul Ball, location: 2F 1-2: Fly out, F7 (Line Drive, 7LM) | Top of the 10th over - 0 runs, 0 hits, 0 errors, 2 left on base; Mile High 5 - Calgary 5 | BOTTOM OF THE 10TH |
---|
Calgary Cowboys batting - Pitching for Mile High Broncos : RHP José García | Now in CF: Nick Simmons | | Batting: RHB Tom Rowe | 0-0: Fly out, F9 (Flyball, 9LSF) | Batting: LHB Fred Abrams | 0-0: Foul Ball, location: 2F 0-1: Ball 1-1: Ball 2-1: Ball 3-1: Called Strike 3-2: Base on Balls | Batting: RHB Paul Swift | 0-0: Ball 1-0: Swinging Strike 1-1: DOUBLE (Line Drive, 9LM) Fred Abrams to third | Batting: LHB Russell Peck | 0-0: Intentional Walk | Batting: LHB Miguel Pérez | 0-0: Called Strike 0-1: GRAND SLAM HOME RUN (Flyball, 9D), Distance : 391 ft | Saturday, December 16th, 2017 - OOTP Baseball 18.8 Build 76 |
|